 Dungeon Crawl Stone Soup version 0.28-a0-804-g60983d4ba9 (webtiles) character file.

Game seed: 18340102305000081270

555 bjtr the Conjurer (level 7, -19/50 HPs)
             Began as a Human Conjurer on Nov 8, 2021.
             Killed from afar by Pikel (23 damage)
             ... with a bolt of acid
             ... on level 5 of the Dungeon.
             The game lasted 00:18:17 (5256 turns).

bjtr the Conjurer (Human Conjurer)                  Turns: 5256, Time: 00:18:18

Health: -19/50     AC:  9    Str: 14    XL:     7   Next: 56%
Magic:  4/12       EV: 10    Int: 20    God:
Gold:   116        SH:  0    Dex: 11    Spells: 4/13 levels left

rFire   . . .      SeeInvis .   s - +0 falchion
rCold   + . .      Faith    .   (no shield)
rNeg    . . .      Spirit   .   v - quicksilver dragon scales
rPois   .          Reflect  .   (no helmet)
rElec   .          Harm     .   (no cloak)
rCorr   .          Rampage  .   (no gloves)
Will    +....                   (no boots)
Stlth   +.........              (no amulet)
HPRegen 0.16/turn               o - +6 ring of strength
MPRegen 0.13/turn               (no ring)

@: no status effects
A: cold resistance 1, sense surroundings 1, robust 1
a: no special abilities


You were on level 5 of the Dungeon.
You visited 1 branch of the dungeon, and saw 7 of its levels.

You collected 142 gold pieces.
You spent 26 gold pieces at shops.

Inventory:

Hand Weapons
 a - a +0 dagger of holy wrath
 d - a +0 hand axe
 g - a +0 spear
 k - a +0 flail
 r - a +0 mace
 s - a +0 falchion (weapon)
 A - a +0 rapier
 B - a +4 vampiric dagger
Missiles
 f - 80 bolts
 l - 105 stones
 q - 4 boomerangs
 y - 12 poisoned darts
Armour
 e - a +0 leather armour
 n - a +0 ring mail
 v - quicksilver dragon scales (worn)
Magical Staves
 i - a staff of air
Jewellery
 o - a +6 ring of strength (left hand)
Scrolls
 c - a scroll of fog {unknown}
 m - a scroll of teleportation
 t - a scroll of immolation {unknown}
Potions
 j - 3 potions of curing
 p - a potion of attraction {unknown}
 u - a potion of ambrosia {unknown}
 w - a potion of flight {unknown}
 x - a potion of magic {unknown}
 z - a potion of heal wounds {unknown}
 C - a potion of might


   Skills:
 - Level 2.0 Dodging
 - Level 2.0 Stealth
 + Level 3.5 Spellcasting
 * Level 7.7 Conjurations
 * Level 1.2 Poison Magic


You had 4 spell levels left.
You knew the following spells:

 Your Spells              Type           Power      Damage    Failure   Level
a - Magic Dart            Conj           100%       1d8       1%          1
b - Searing Ray           Conj           68%        2d6       1%          2
c - Mephitic Cloud        Conj/Pois/Air  15%        N/A       24%         3
d - Ignite Poison         Fire/Tmut/Pois 5%         N/A       56%         3

Your spell library contained the following spells:

 Spells                   Type           Power      Damage    Failure   Level
 Dazzling Flash           Conj/Hex       38%        N/A       17%         3
 Fulminant Prism          Conj/Hex       9%         3d7       50%         4
 Iskenderun's Mystic Bla  Conj/Tloc      19%        2d6       50%         4
 Freezing Cloud           Conj/Ice/Air   6%         6-21      95%         5


Dungeon Overview and Level Annotations

Branches:
Dungeon (7/15)
 Temple: D:4-7

Altars:

Shops:
D:4 ?

Annotations:
D:4 gressup's ghost, novice GnFE
D:5 Pikel


Innate Abilities, Weirdness & Mutations

Your flesh is cold resistant. (rC+)
You passively map a small area around you.
You are robust. (+10% HP)


Message History

The lemure barely misses you.
Casting: Searing Ray (safe; 1% risk of failure)
Confirm with . or Enter, or press ? or * to list all spells.
Aiming: Searing Ray (safe; 1% risk of failure)
Press: ? - help, Shift-Dir - straight line, f/p - lemure
Aim: a lemure (almost dead, 76% to hit)
The searing ray hits the lemure!
You kill the lemure!
That felt strangely unrewarding.
The searing ray hits Pikel.
Pikel is moderately wounded.
The searing ray hits the lemure.
The lemure is heavily wounded. (Press . to maintain the ray.) Pikel zaps a wand.
The bolt of acid hits you!!
Ouch! That really hurt!
The searing ray hits Pikel.
Pikel is moderately wounded.
The searing ray hits the lemure but does no damage.
The lemure is heavily wounded.
The searing ray hits Pikel but does no damage.
Pikel is moderately wounded.
The searing ray hits the lemure!
The lemure is severely wounded.
Pikel hits you with a +1 whip of flaming.
* * * LOW HITPOINT WARNING * * *
Pikel burns you.
* * * LOW HITPOINT WARNING * * *
Okay, then.
It was a potion of mutation.
You feel extremely strange.
You feel robust.
You feel a strange attunement to the structure of the dungeons.
You feel resistant to cold.
Pikel hits you with a +1 whip of flaming.
* * * LOW HITPOINT WARNING * * *
Pikel burns you.
* * * LOW HITPOINT WARNING * * *
As you read the scroll labelled EJUSCH GOXEBI, it crumbles to dust.
Wisps of shadow whirl around you...
It was a scroll of summoning.
Pikel zaps a wand.
The bolt of acid hits you!!
You die...

* ##############
.#####.......5K@hh#
###
##...##.##########Z#
##.##
.....##........#
#>########.#.##
##...##.###5####
#.........###.#
.##.###K##.##
###.#####..#.##
#5#.# #.#5## #.#
#.#.## .#..# #..##
#.# #.#.# 5##.###.##
#.# #.#.# .##..#..#
#[# ###.#.#


You could see Pikel (ally target), a lemure, 2 friendly hounds and a friendly
hound skeleton (summoned).

Vanquished Creatures
  Duvessa (D:5)
  A lemure (D:5)
  A kobold brigand (D:7)
  Dowan (D:5)
  A wyvern skeleton (D:7)
  A bullfrog zombie (D:7)
  2 orc priests (D:3)
  Jessica (D:3)
  4 gnolls
  5 adders
  4 worms
  A dart slug (D:4)
  6 orcs
  8 endoplasms
  2 giant cockroaches (D:1)
  2 goblins
  9 hobgoblins
  3 quokkas
  A ball python (D:3)
  3 bats
  13 kobolds
  4 rats
74 creatures vanquished.

Notes
Turn   | Place    | Note
-------+----------+-------------------------------------------
     0 | D:1      | bjtr the Human Conjurer began the quest for the Orb.
     0 | D:1      | Reached XP level 1. HP: 13/13 MP: 3/3
   345 | D:1      | Reached XP level 2. HP: 8/19 MP: 1/5
   348 | D:1      | Learned a level 2 spell: Searing Ray
  1395 | D:2      | Reached XP level 3. HP: 24/24 MP: 1/6
  1533 | D:2      | Reached skill level 5 in Conjurations
  1769 | D:2      | Reached XP level 4. HP: 29/30 MP: 2/7
  2241 | D:2      | You fall into a shaft and drop 1 floor!
  2362 | D:3      | Reached XP level 5. HP: 27/35 MP: 2/8
  2750 | D:3      | Found a faded altar of an unknown god.
  2783 | D:3      | Reached skill level 6 in Conjurations
  3339 | D:3      | Noticed Jessica
  3341 | D:3      | Killed Jessica
  3727 | D:2      | Reached XP level 6. HP: 37/41 MP: 10/10
  4132 | D:4      | Found Fuqioz's Magic Scroll Shoppe.
  4135 | D:4      | Bought a scroll of identify for 26 gold pieces
  4376 | D:4      | Learned a level 3 spell: Mephitic Cloud
  4380 | D:4      | Learned a level 3 spell: Ignite Poison
  4385 | D:4      | Noticed gressup's ghost (novice GnFE)
  4411 | D:4      | You fall into a shaft and drop 3 floors!
  4584 | D:7      | Reached skill level 7 in Conjurations
  4746 | D:7      | Reached XP level 7. HP: 39/46 MP: 10/12
  4794 | D:5      | Entered Level 5 of the Dungeon
  4880 | D:5      | Noticed Duvessa
  4880 | D:5      | Noticed Dowan
  4920 | D:5      | Killed Duvessa
  4921 | D:5      | Reached skill level 1 in Poison Magic
  5093 | D:5      | Killed Dowan
  5198 | D:5      | Noticed Pikel
  5255 | D:5      | Gained mutation: You are robust. (+10% HP) [potion of
                  | mutation]
  5255 | D:5      | Gained mutation: You passively map a small area around you.
                  | [potion of mutation]
  5255 | D:5      | Gained mutation: Your flesh is cold resistant. (rC+)
                  | [potion of mutation]
  5256 | D:5      | Killed from afar by Pikel

Illustrated notes

Levels and vault maps discovered:
D:1:      psy_arrival_dodecagon, layout_loops_cross, kennysheep_nondescript,
          lemuel_old_faithful
D:2:      layout_rooms
D:3:      layout_basic, ebering_ecumenical_altar_box, kennysheep_jessica_study
D:4:      layout_cave_pools, mainiacjoe_overflow_catch_the_wave,
          minmay_temple_entry_poolview, gammafunk_ghost_abyssal_escape,
          nicolae_stop_n_shop_1, grunt_decor_junction
D:5:      layout_loops_ring, uniq_ijyb, uniq_duvessa, uniq_menkaure, uniq_pikel
D:6:      layout_rooms, nicolae_gozag_seed_capital, lemuel_doored_altar,
          mainiacjoe_overflow_surrounded_room
D:7:      minmay_blocky_corners, layout_rooms, marbit_many_paths,
          minmay_tree_intersection, minmay_misc_feat_tiny

Skill      XL: |  1  2  3  4  5  6  7 |
---------------+----------------------+-----
Conjurations   | 5 6 7 |  7.7
Spellcasting   | 3 |  3.5
Poison Magic   | 1 |  1.2
Dodging        | |  2.0
Stealth        | |  2.0

Action                   |  1- 3 |  4- 6 |  7- 9 || total
-------------------------+-------+-------+-------++-------
Melee: Spear             |    44 |       |       ||    44
       Falchion          |       |    78 |       ||    78
       Mace              |       |     9 |       ||     9
 Cast: Magic Dart        |    22 |       |       ||    22
       Searing Ray       |    12 |    24 |     7 ||    43
  Use: Scroll            |     1 |     2 |     1 ||     4
       Potion            |       |     3 |     1 ||     4
Armor: Leather armour    |     6 |       |       ||     6
       Ring mail         |    15 |     7 |       ||    22
       Quicksilver drago |       |    57 |     5 ||    62
Dodge: Dodged            |    39 |    49 |     6 ||    94

Table legend: (Time is in decaauts)
 A = Elapsed time spent in this place.
 B = Non-inter-level travel time spent in this place.
 C = Inter-level travel time spent in this place.
 D = Time resting spent in this place.
 E = Time spent auto-exploring this place.
 F = Levels seen in this place.
 G = Mean time per level.
                   A        B        C        D        E       F      G
               +--------+--------+--------+--------+--------+-----+--------+
         Total |   5288 |   5135 |    153 |   1640 |   2543 |   7 |  755.4 |
       Dungeon |   5288 |   5135 |    153 |   1640 |   2543 |   7 |  755.4 |
               +--------+--------+--------+--------+--------+-----+--------+

Top non-repeatable levels by time:
     D:3: 1719 daAuts
     D:1: 1497 daAuts
     D:2: 917 daAuts
     D:5: 461 daAuts
     D:7: 382 daAuts
     D:4: 304 daAuts
     D:6: 5 daAuts
